 Dungeon Crawl Stone Soup version 0.21.1-1-g345015fe64 (webtiles) character file.

1103663 KleinerIrrer the Formicid Barricade (level 27, -39/174 HPs)
             Began as a Formicid Fighter on Apr 13, 2018.
             Was the Champion of the Shining One.
             Killed from afar by an ancient lich (60 damage)
             ... with a crystal spear
             ... on level 1 of the Abyss on Apr 15, 2018.
             The game lasted 09:39:24 (125523 turns).

KleinerIrrer the Formicid Barricade (FoFi)        Turns: 125523, Time: 09:39:25

Health: -39/174    AC: 47    Str: 25 (26) XL:     27
Magic:  39/39      EV: 16    Int: 15 (17) God:    the Shining One [******]
Gold:   7126       SH: 21    Dex: 13      Spells: 52/69 levels left

rFire    + + +     SeeInvis +   k - +9 executioner's axe (holy)
rCold    + + +     Gourm    +   A - +2 shield of Resistance {rF+ rC+ MR+}
rNeg     + + +     Faith    .   a - +8 orange crystal plate armour {Archmagi, Int+3 Clar}
rPois    +         Spirit   .   (helmet unavailable)
rElec    +         Reflect  .   R - +2 cloak {rPois}
rCorr    .         Harm     .   x - +2 pair of gloves {Dex+3}
MR       ++++.     Clarity  +   P - +5 pair of boots of the Griffon {+Blink}
Stlth    ..........             W - amulet "Leuwnew" {Gourm rElec rC+ MP-9}
HPRegen  0.39/turn              c - ring "Teifehoc" {*Drain *Slow rElec rN+ Slay+4}
MPRegen  0.26/turn              f - ring of Brilliance {*Tele rF++ rC+ Slay-2}

@: glowing, studying Maces & Flails
A: permanent stasis, dig shafts and tunnels, four strong arms, antennae 3,
blurry vision 1, deformed body, deterioration 1, dopey 1, frail 3, magic
resistance 1, electricity resistance, no potion heal 1, subdued magic 1,
MP-powered wands, sturdy frame 1
}: 7/15 runes: barnacled, slimy, silver, obsidian, icy, abyssal, gossamer
a: Dig, Shaft Self, Divine Shield, Cleansing Flame, Summon Divine Warrior,
Renounce Religion


You were on level 1 of the Abyss.
You worshipped the Shining One.
The Shining One was exalted by your worship.
You were very full.

You visited 15 branches of the dungeon, and saw 69 of its levels.
You visited the Abyss 15 times.
You visited 3 bazaars.
You also visited: Labyrinth, Ice Cave, Volcano and Desolation.

You collected 13747 gold pieces.
You spent 6621 gold pieces at shops.

Inventory:

Hand Weapons
 k - a +9 executioner's axe of holy wrath (weapon)
 l - a +9 triple crossbow of velocity
 u - the +9 executioner's axe of the Shoals {elec, +Inv rElec Int+3}
   (You found it on level 1 of the Abyss)

   Occasionally, upon striking a foe, it will discharge some electrical energy
   and cause terrible harm.
   It affects your intelligence (+3).
   It insulates you from electricity.
   It lets you turn invisible.
 L - the +5 falchion "Raisin" {flame, *Noise rPois Dex+5, unknown}
   (You found it on level 1 of the Abyss)

   It has been specially enchanted to burn those struck by it, causing extra
   injury to most foes and up to half again as much damage against particularly
   susceptible opponents.
   Big, fiery blades are also staple armaments of hydra-hunters.
   It affects your dexterity (+5).
   It protects you from poison.
   It may make noises in combat.
Missiles
 h - 2294 bolts
Armour
 a - the +8 orange crystal plate armour (worn) {Archmagi, Int+3 Clar}
   (You bought it in a shop in a bazaar)

   It affects your intelligence (+3).
   It protects you against confusion.
 x - a +2 pair of gloves of dexterity (worn)
 A - the +2 shield of Resistance (worn) {rF+ rC+ MR+}
   (You found it on level 3 of the Elven Halls)

   It protects you from fire.
   It protects you from cold.
   It affects your resistance to hostile enchantments.
 P - the +5 pair of boots of the Griffon (worn) {+Blink}
   (Okawaru gifted it to you on level 4 of the Vaults)

   It lets you blink.
 R - a +2 cloak of poison resistance (worn)
Jewellery
 c - the ring "Teifehoc" (left hand) {*Drain *Slow rElec rN+ Slay+4}
   (You took it off Antaeus on level 7 of Cocytus)

   [ring of positive energy]

   It affects your accuracy and damage with ranged weapons and melee attacks
   (+4).
   It insulates you from electricity.
   It protects you from negative energy.
   It causes draining when unequipped.
   It may slow you when you take damage.
 f - the ring of Brilliance (right hand) {*Tele rF++ rC+ Slay-2}
   (You found it on level 1 of the Vaults)

   [ring of teleportation]

   It may teleport you next to monsters.
   It affects your accuracy and damage with ranged weapons and melee attacks
   (-2).
   It greatly protects you from fire.
   It protects you from cold.
 g - an uncursed ring of resist corrosion
 m - the ring "Nyptu" {+Fly Int-2 Dex+9 Slay+1 Stlth-}
   (You acquired it on level 3 of the Depths)

   [ring of slaying]

   It affects your intelligence (-2).
   It affects your dexterity (+9).
   It affects your accuracy and damage with ranged weapons and melee attacks
   (+1).
   It lets you fly.
   It makes you less stealthy.
 W - the amulet "Leuwnew" (around neck) {Gourm rElec rC+ MP-9}
   (You took it off a fire giant on level 3 of the Depths)

   [amulet of the gourmand]

   It allows you to eat raw meat even when not hungry.
   It protects you from cold.
   It insulates you from electricity.
   It affects your magic capacity (-9).
 X - an uncursed ring of protection from fire
Wands
 b - a wand of digging (23)
 y - a wand of flame (57)
 B - a wand of disintegration (42)
 C - a wand of scattershot (8)
 F - a wand of iceblast (62)
 H - a wand of paralysis (10)
 J - a wand of enslavement (7)
 U - a wand of acid (60)
Scrolls
 i - 35 scrolls of identify
 p - 13 scrolls of fog
 q - 42 scrolls of remove curse
 r - 3 scrolls of holy word
 t - a scroll of summoning
 v - 9 scrolls of magic mapping
 z - 6 scrolls of fear
 G - 2 scrolls of amnesia
 N - 2 scrolls of vulnerability
 Q - 3 scrolls of silence
 S - a scroll of enchant armour
 T - a scroll of enchant weapon
Potions
 d - 9 potions of might
 j - 33 potions of curing
 n - 15 potions of brilliance
 o - a potion of flight
 s - 4 potions of mutation
 w - 5 potions of cancellation
 D - 6 potions of agility
 E - 9 potions of magic
 M - 2 potions of resistance
 O - a potion of ambrosia
 V - 7 potions of heal wounds
Books
 K - a manual of Maces & Flails
Miscellaneous
 I - 5 phantom mirrors
Comestibles
 e - 114 rations


   Skills:
 O Level 27 Fighting
 - Level 26.6(27) Axes
 - Level 9.0(19.9) Maces & Flails
 - Level 26.0 Crossbows
 O Level 27 Armour
 + Level 19.1 Dodging
 O Level 27 Shields
 + Level 21.6 Spellcasting
 - Level 10.0 Hexes
 - Level 8.0 Charms
 + Level 7.8 Summonings
 - Level 7.4 Necromancy
 - Level 10.0 Translocations
 - Level 18.5 Invocations


You had 52 spell levels left.
You knew the following spells:

 Your Spells              Type           Power        Failure   Level  Hunger
a - Portal Projectile     Hex/Tloc       ######       1%          3    None
b - Regeneration          Chrm/Necr      #####.....   1%          3    None
c - Song of Slaying       Chrm           #####...     1%          2    None
d - Passage of Golubria   Tloc           N/A          1%          4    None
e - Aura of Abjuration    Summ           #####.....   13%         5    ###....


Dungeon Overview and Level Annotations

Branches:
Dungeon (15/15)            Temple (1/1) D:4            Lair (6/6) D:9
 Shoals (4/4) Lair:4       Spider (4/4) Lair:4        Slime (5/5) Lair:6
    Orc (2/2) D:11            Elf (3/3) Orc:2        Vaults (5/5) D:13
  Crypt (3/3) Vaults:3       Tomb (0/3) Crypt:3      Depths (5/5) D:15
   Hell (1/1)                 Dis (1/7) Hell            Geh (7/7) Hell
    Coc (7/7) Hell            Tar (0/7) Hell            Zot (0/5) Depths:5

Altars:
Ashenzari
Cheibriados
Dithmenos
Elyvilon
Fedhas
Gozag
Hepliaklqana
Kikubaaqudgha
Makhleb
Nemelex Xobeh
Okawaru
Qazlal
Ru
Sif Muna
Trog
Uskayaw
Vehumet
Wu Jian
Xom
Yredelemnul
Zin
The Shining One
Beogh
Jiyva

Shops:
D:8 *   D:11 (   D:12 %   D:15 *   Orc:2 ([[   Elf:2 *   Shoals:1 =
Vaults:2 (   Vaults:4 [!   Depths:4 }:*?

Portals:
Hell: Depths:1 Depths:2 Depths:3 Depths:4 Depths:5
Abyss: Depths:3 Depths:4
Pandemonium: Depths:3 Depths:5
Ziggurat: Depths:3

Annotations:
Elf:1 exclusion: Roxanne, Roxanne
Depths:3 2 runed doors
Geh:2 2 runed doors


Innate Abilities, Weirdness & Mutations

You cannot be hasted, slowed, berserked, paralysed or teleported.
You can dig through walls and to a lower floor.
Your four strong arms can wield two-handed weapons with a shield.
You have a pair of large antennae on your head. (SInv)
Scrolls take you a little longer to read.
Armour fits poorly on your strangely shaped body.
Your body sometimes deteriorates upon taking damage.
You are dopey. (Int -2)
You are extremely frail. (-30% HP)
You are resistant to hostile enchantments. (MR+)
You are resistant to electric shocks. (rElec)
Potions are less effective at restoring your health.
Your spells are a little easier to cast, but a little less powerful.
You expend magic power (3 MP) to strengthen your wands.
Your movements are slightly less encumbered by armour. (ER -2)


Message History

The ancient lich is severely damaged.
You block the ancient lich's attack.
You hit the ancient lich.
The ancient lich convulses.
The ancient lich is severely damaged.
You block the ancient lich's attack.
A bone dragon comes into view.
You hit the ancient lich.
The ancient lich convulses!
The ancient lich is severely damaged.
The ancient lich gestures at you while chanting.
The crystal spear hits you!
* * * LOW HITPOINT WARNING * * *
Your system partially rejects the healing.
You feel much better.
The ancient lich gestures at you while chanting.
You block the crystal spear.
You slash the ancient lich!
The ancient lich convulses!
The ancient lich is almost destroyed.
The ancient lich points at you and mumbles some strange words.
The crystal spear hits you!
You die...

. .# ...# . .# #
.... ##
.####.#... ## #
.###.....#... #.
# .. #.##
D(#..#.## # ## #.
# ....##...# # .
#.
{###.#L.#...#.#.#
# .#. #.{
...##@#........ .
. ...##.#..#...##
♣##. ..#.
#.#....#..# #
#....#
.....##..####
##.. #...#.≈#.##.
. #..##.... ..
.## .. ...
.≈...## ## #
.._.#.≈.#.. ..#
≈≈


You could see a bone dragon and an ancient lich.

Vanquished Creatures
  Antaeus (Coc:7)
  the Royal Jelly (Slime:5)
  Mara (Spider:3)
  A juggernaut (Depths:3)
  14 ancient liches
  Sojobo (Vaults:4)
  Boris (twice) (Vaults:3 Depths:5)
  Margery (Vaults:3)
  Bai Suzhen (Shoals:3)
  Saint Roka (Orc:2)
  Frederick (Vaults:3)
  10 shard shrikes
  Geryon (Hell)
  A curse toe (Crypt:3)
  A caustic shrike (Depths:3)
  4 golden dragons
  6 profane servitors (Abyss:1)
  Nikola (Depths:2)
  Jory (Crypt:1)
  34 bone dragons
  16 Brimstone Fiends
  Arachne (Spider:2)
  37 liches
  6 hellephants (Abyss:1)
  8 deep elf blademasters
  4 tentacled monstrosities
  11 Ice Fiends
  2 Hell Sentinels (Abyss:1)
  Asterion (Spider:3)
  A shard shrike skeleton (Crypt:3)
  7 deep elf master archers
  3 quicksilver dragons
  16 titans
  11 ancient champions
  18 acid blobs
  143 tentacled starspawn
  2 eldritch tentacles
  Polyphemus (Shoals:4)
  2 krakens
  2 sphinxes (Vaults:5)
  6 Executioners (Abyss:1)
  Kirke (Spider:4)
  5 shadow dragons
  8 tengu reavers
  9 storm dragons
  Donald (Spider:4)
  Ilsuiw (Shoals:4)
  17 azure jellies
  4 daevas (Abyss:1)
  9 revenants
  26 fire giants
  2 draconian knights
  7 ghost moths
  23 frost giants
  11 deep elf sorcerers
  2 draconian scorchers
  2 imperial myrmidons (Desolation)
  8 ghouls
  3 emperor scorpions
  A juggernaut zombie (Crypt:2)
  14 vault wardens
  An iron dragon (Depths:3)
  22 balrugs
  A draconian shifter (Abyss:1)
  4 angels
  6 cacodemons (Abyss:1)
  3 elemental wellsprings (Coc:7)
  3 curse skulls
  7 deep elf elementalists
  2 spriggan defenders (Depths:3)
  2 war gargoyles
  25 reapers
  52 stone giants
  6 vampire knights
  8 entropy weavers
  An ophan (Abyss:1)
  67 very ugly things
  4 green draconians
  17 ironheart preservers
  3 halazid warlocks (Desolation)
  7 deep elf demonologists
  8 purple draconians
  4 black draconians
  8 deep elf annihilators
  2 white draconians
  2 yellow draconians (Abyss:1)
  5 merfolk javelineers
  A dire elephant (Abyss:1)
  6 spark wasps
  10 lorocyprocas
  Snorg (D:11)
  17 deep elf death magi
  6 red draconians
  The ghost of Valens254 the Basher, a journeyman GrFi of Makhleb (Lair:3)
  A crystal guardian (Desolation)
  5 eidola (Abyss:1)
  10 death oozes
  3 jiangshi (Crypt:3)
  A fire dragon (shapeshifter) (Vaults:4)
  3 quicksilver dragon zombies
  15 blizzard demons
  22 ettins
  5 merfolk impalers
  A minotaur (Lab)
  35 great orbs of eyes
  20 fire dragons
  8 green deaths
  8 ragged hierophants (Desolation)
  26 rakshasas
  10 servants of whispers (Desolation)
  4 deep elf high priests
  22 yaktaur captains
  6 naga warriors
  5 spriggan air magi
  12 hydras
  A monstrous demonspawn (Depths:5)
  25 ice dragons
  10 peacekeepers (Desolation)
  A hell beast (Depths:5)
  3 quicksilver dragon skeletons
  34 vault guards
  6 merfolk avatars
  A catoblepas (Shoals:4)
  11 centaur warriors
  3 death knights
  4 satyrs
  An alligator snapping turtle (Shoals:4)
  6 merfolk aquamancers
  13 ogre magi
  28 dancing weapons
  27 two-headed ogres
  53 hell hogs
  8 deep troll earth magi
  9 spriggan berserkers
  A death yak (shapeshifter) (Vaults:4)
  11 vampire magi
  5 death yaks
  4 deep troll shamans
  4 titan zombies
  Urug (D:10)
  109 thrashing horrors
  7 tengu warriors
  2 orc high priests
  34 sun demons
  3 iron golems (Hell)
  37 deep elf knights
  8 soul eaters
  Sonja (D:15)
  36 sixfirhies
  2 fire crabs (Shoals:4)
  27 spatial maelstroms
  8 shadow wraiths
  A fire crab (shapeshifter) (Depths:3)
  3 storm dragon zombies
  An iron troll (Hell)
  2 shadow demons
  16 sea snakes
  62 hell knights
  52 skeletal warriors
  A ghost moth zombie (Geh:5)
  3 storm dragon skeletons
  105 wretched stars
  9 anaconda zombies
  A quicksilver dragon simulacrum (Coc:4)
  3 titan skeletons
  2 death drakes (Abyss:1)
  14 flayed ghosts
  A gelid demonspawn (Depths:5)
  414 starcursed masses
  23 unseen horrors
  14 deep trolls
  A lindwurm (Volcano)
  7 wizards
  13 glowing orange brains
  5 golden dragon skeletons
  An orange crystal statue (Abyss:3)
  2 golden dragon zombies
  2 swamp dragons (shapeshifter)
  A lindwurm (shapeshifter) (Depths:3)
  19 necromancers
  5 shadow dragon zombies
  The ghost of htuhola the Carver, a novice MiAK of Lugonu (D:5)
  A harpy (shapeshifter) (Abyss:1)
  16 ironbrand convokers
  15 phantasmal warriors
  An anaconda skeleton (Coc:6)
  26 deep elf archers
  Pikel (D:8)
  13 orb spiders
  8 fire giant zombies
  5 iron dragon zombies
  15 harpies
  22 orc knights
  3 mana vipers (Abyss:1)
  6 frost giant zombies
  5 stone giant zombies
  An oklob plant (Lair:6)
  67 deep elf magi
  7 shadow dragon skeletons
  15 manticores
  3 moths of wrath
  7 cyclopes
  A shining eye (shapeshifter) (Abyss:1)
  7 orc sorcerers
  6 shining eyes
  42 wolf spiders
  69 ugly things
  50 worldbinders
  25 fauns
  A sphinx skeleton (Vaults:4)
  3 salamanders
  An elephant (shapeshifter) (Abyss:3)
  4 iron dragon skeletons
  13 elephants
  2 guardian serpents (shapeshifter)
  2 water nymphs
  5 ice statues
  Maurice (D:10)
  16 rust devils
  4 stone giant skeletons
  3 naga magi
  5 frost giant skeletons
  15 guardian serpents
  A titan simulacrum (Abyss:3)
  5 black mambas
  19 molten gargoyles
  10 merfolk sirens
  6 fire giant skeletons
  An alligator snapping turtle zombie (Crypt:1)
  4 shock serpent zombies
  A torpor snail (Spider:3)
  5 gargoyles
  Joseph (D:8)
  2 eyes of devastation (Slime:4)
  21 vault sentinels
  3 dire elephant zombies
  An elephant slug zombie (Crypt:2)
  22 apocalypse crabs
  4 centaur skeletons
  107 smoke demons
  A storm dragon simulacrum (Vaults:4)
  13 spiny frogs
  4 dire elephant skeletons
  38 orange demons
  5 rime drakes
  20 demonic crawlers
  2 emperor scorpion zombies (Coc:7)
  2 human zombies (Vaults:3)
  A komodo dragon (shapeshifter) (D:15)
  56 yaktaurs
  2 shock serpent skeletons
  A rime drake (shapeshifter) (Depths:1)
  86 ancient zymes
  28 efreet
  3 yaktaurs (shapeshifter)
  25 hellions
  22 hellwings
  3 anaconda simulacra
  24 merfolk
  9 komodo dragons
  53 ice devils
  47 freezing wraiths
  5 kobold demonologists
  A golden dragon simulacrum (Abyss:3)
  3 human skeletons
  27 tormentors
  A pale draconian skeleton (Crypt:2)
  11 hydra zombies
  28 red devils
  A jumping spider (shapeshifter) (Abyss:1)
  4 tengu conjurers
  A death yak skeleton (Crypt:3)
  2 silent spectres (Abyss:1)
  A polar bear (shapeshifter) (Vaults:1)
  3 harpy zombies
  A catoblepas skeleton (Abyss:1)
  2 trolls (shapeshifter)
  22 hornets
  4 trolls
  6 polar bears
  28 jumping spiders
  8 wind drakes
  A hornet (shapeshifter) (D:15)
  A bog body (Crypt:2)
  2 ice dragon zombies
  A sphinx simulacrum (Vaults:4)
  2 hippogriffs (shapeshifter)
  63 saltlings (Desolation)
  Prince Ribbit (D:9)
  5 harpy skeletons
  12 hippogriffs
  227 raiju
  A minotaur skeleton (Lab)
  2 tengu simulacra
  2 wolf spider simulacra (IceCv)
  2 dream sheep (Shoals:4)
  43 blink frogs
  7 snapping turtles
  A dream sheep (shapeshifter) (Vaults:5)
  8 ettin zombies
  4 fire dragon zombies
  A fire giant simulacrum (Abyss:2)
  4 hydra skeletons
  3 alligator zombies
  3 stone giant simulacra
  A frost giant simulacrum (Depths:2)
  112 flying skulls
  An iron dragon simulacrum (Abyss:1)
  7 ice dragon skeletons
  109 slime creatures
  4 spriggans
  26 shadows
  4 tarantellas (shapeshifter)
  5 alligator skeletons
  33 water elementals
  8 ettin skeletons
  83 ynoxinuls
  76 redbacks
  6 air elementals
  6 fire dragon skeletons
  28 tarantellas
  A black mamba zombie (Geh:7)
  19 humans (D:13)
  3 basilisks
  39 wraiths
  3 vampires
  51 yaks
  4 wyverns
  22 fire elementals
  2 hogs (Spider:4)
  35 fire bats
  A golden eye (shapeshifter) (Vaults:2)
  A dire elephant simulacrum (IceCv)
  11 hungry ghosts
  A basilisk (shapeshifter) (Elf:2)
  73 neqoxecs
  2 steam dragons (Volcano)
  66 chaos spawn
  21 golden eyes
  2 black mamba skeletons (Abyss:1)
  38 spatial vortices (Abyss:1)
  A merfolk zombie (Abyss:1)
  44 insubstantial wisps
  A harpy simulacrum (IceCv)
  4 wargs
  4 iron troll simulacra (IceCv)
  A monstrous demonspawn zombie (Crypt:2)
  17 water moccasins
  A soldier ant (shapeshifter) (Abyss:1)
  8 nagas
  4 hydra simulacra (IceCv)
  A warg (shapeshifter) (Abyss:1)
  An infernal demonspawn zombie (Crypt:1)
  2 tengu zombies
  2 acid dragons
  292 large abominations
  A water moccasin (shapeshifter) (Vaults:3)
  2 soldier ants (D:9)
  A floating eye (Depths:3)
  10 spiny frog zombies
  A merfolk skeleton (Abyss:1)
  67 hell hounds
  17 ice beasts
  A floating eye (shapeshifter) (Depths:3)
  9 porcupines
  2 black bears
  A gelid demonspawn skeleton (Crypt:3)
  7 necrophages
  13 sky beasts
  2 alligator simulacra (IceCv)
  4 ettin simulacra
  2 manticore zombies
  3 spiny frog skeletons
  3 swamp dragon zombies
  13 eyes of draining
  2 black bears (shapeshifter)
  4 snapping turtle zombies
  A hornet zombie (Crypt:3)
  An ogre (shapeshifter) (Vaults:3)
  8 phantoms
  49 orc warriors
  3 snapping turtle skeletons
  39 ogres
  11 boggarts
  7 wolves
  A crocodile (shapeshifter) (Vaults:4)
  14 crocodiles
  20 centaurs
  A hippogriff zombie (Crypt:1)
  A torpor snail zombie (Crypt:3)
  13 big kobolds
  A yaktaur zombie (Crypt:3)
  4 elf zombies (Elf:1)
  2 elf skeletons
  10 earth elementals
  19 bullfrogs
  A komodo dragon skeleton (Crypt:1)
  A yaktaur skeleton (Crypt:3)
  A draconian zombie (Crypt:1)
  A warg zombie (Crypt:2)
  A wyvern skeleton (D:12)
  9 scorpions
  A troll zombie (Geh:5)
  A spriggan zombie (Geh:1)
  10 killer bees
  59 wights
  An elf simulacrum (Vaults:3)
  A manticore simulacrum (Coc:2)
  A yak skeleton (Crypt:1)
  7 electric eels
  5 howler monkeys
  19 crimson imps
  A polar bear skeleton (Crypt:1)
  6 lava snakes
  A bullfrog zombie (D:9)
  4 hounds
  48 quasits
  3 centaur zombies
  A bullfrog skeleton (D:4)
  24 orc priests
  A demonspawn zombie (Crypt:1)
  65 iron imps
  25 jellies
  6 iguanas
  A demonspawn skeleton (Crypt:3)
  29 orc wizards
  6 hell rats (Hell)
  A polar bear simulacrum (IceCv)
  13 worker ants
  303 small abominations
  2 troll simulacra (IceCv)
  2 spriggan simulacra (IceCv)
  A wolf simulacrum (IceCv)
  A sky beast zombie (Crypt:3)
  A centaur simulacrum (IceCv)
  3 ogre skeletons
  An ogre zombie (Crypt:2)
  2 naga skeletons
  3 tengu skeletons
  A deep dwarf skeleton (Crypt:2)
  A mummy (Coc:3)
  A worker ant zombie (D:6)
  13 adders
  3 ogre simulacra (IceCv)
  A naga simulacrum (IceCv)
  9 shadow imps
  A swamp drake skeleton (Crypt:3)
  80 white imps
  62 ufetubi
  4 oozes
  3 adder zombies
  3 adder skeletons
  A worm (D:2)
  A barachi skeleton (Crypt:1)
  2 dart slugs (D:1)
  8 leopard geckos
  145 orcs
  6 giant cockroaches
  4 goblins
  11 hobgoblins
  11 jackals
  6 quokkas
  3 ball pythons
  3 bats
  11 frilled lizards
  3 jackal skeletons
  29 kobolds
  A kobold skeleton (Coc:2)
  A leopard gecko skeleton (D:5)
  An orc skeleton (Coc:5)
  An orc zombie (Geh:1)
  2 quokka skeletons
  14 rats
  A bush (Lair:4)
  2 crawling corpses (Vaults:5)
  3 fire vortices (D:13)
  5 fungi
  7 lurking horrors (Abyss:1)
  4 pillars of salt (Vaults:1)
  6 plants
  167 starspawn tentacles
  8 tentacles
7102 creatures vanquished.

Vanquished Creatures (collateral kills)
  Asmodeus (Geh:7)
  A bone dragon (Abyss:1)
  A Brimstone Fiend (Geh:7)
  2 balrugs (Geh:7)
  A reaper (Hell)
  A war gargoyle (Hell)
  A naga warrior (Abyss:1)
  A hell hog (Hell)
  A sun demon (Geh:7)
  A thrashing horror (Abyss:1)
  A hell knight (Hell)
  6 skeletal warriors (Hell)
  4 starcursed masses (Abyss:1)
  An anaconda skeleton (Hell)
  A salamander (Geh:7)
  A worldbinder (Abyss:1)
  A guardian serpent (Abyss:1)
  A hellion (Geh:7)
  A red devil (Hell)
  A fire dragon zombie (Geh:7)
  A flying skull (Geh:7)
  A fire dragon skeleton (Geh:7)
  A water elemental (Hell)
  A neqoxec (Abyss:1)
  A chaos spawn (Abyss:1)
  A naga (Abyss:1)
  6 hell hounds
  A spiny frog zombie (Hell)
  An iron imp (Hell)
  2 small abominations (Abyss:1)
45 creatures vanquished.

Vanquished Creatures (others)
  An ancient lich (Abyss:3)
  4 fire giants
  A merfolk impaler (Shoals:4)
  A yaktaur captain (Depths:3)
  A great orb of eyes (Depths:4)
  A hell hog (Abyss:1)
  A thrashing horror (Abyss:1)
  A deep elf knight (Elf:3)
  3 large abominations
  A wretched star (Abyss:1)
  An unseen horror (D:15)
  A flayed ghost (Depths:3)
  2 deep elf archers (Abyss:1)
  An ancient zyme (Abyss:1)
  A tormentor (Geh:7)
  A merfolk (Shoals:4)
  A red devil (Geh:3)
  2 hornets (Depths:2)
  A flying skull (Geh:5)
  A starcursed mass (Abyss:1)
  A wraith (Geh:1)
  A ynoxinul (Abyss:1)
  A water elemental (Coc:7)
  A human (Spider:4)
  6 golden eyes
  16 small abominations
  A spatial vortex (Abyss:1)
  An eye of draining (Abyss:1)
  A necrophage (Geh:3)
  A jelly (Depths:5)
  2 wights
  A crimson imp (Abyss:1)
  A quasit (Abyss:1)
  2 ufetubi
  5 orcs
  A kobold zombie (Geh:5)
  3 briar patches (Abyss:1)
  5 demonic plants
  11 fungi
  13 lurking horrors (Abyss:1)
  17 plants
  213 starspawn tentacles
  6 tentacles
337 creatures vanquished.

Grand Total: 7484 creatures vanquished

Notes
Turn   | Place    | Note
-------+----------+-------------------------------------------
     0 | D:1      | KleinerIrrer the Formicid Fighter began the quest for the Orb.
     0 | D:1      | Reached XP level 1. HP: 18/18 MP: 1/1
     0 | D:1      | 0 ||| counter = 77
   191 | D:1      | Reached XP level 2. HP: 24/24 MP: 2/2
   503 | D:1      | Reached XP level 3. HP: 29/29 MP: 3/3
   550 | D:1      | 550 ||| DROPPING club.
  1092 | D:1      | 1092 ||| UPGRADING to chain mail.
  1102 | D:1      | 1102 ||| DROPPING +0 scale mail.
  1103 | D:1      | 1103 ||| READING 3 scrolls labeled QURULAYSTIAST.
  1104 | D:1      | 1104 ||| READING scroll labeled MESCHU OCOUGG.
  1105 | D:1      | 1105 ||| READING scroll labeled JIMOELURAI.
  1106 | D:1      | 1106 ||| READING scroll labeled NOGIXTECHA.
  1107 | D:1      | 1107 ||| DRINKING 2 white potions.
  1108 | D:1      | 1108 ||| DROPPING 2 scrolls of noise.
  1221 | D:2      | Found a basalt altar of Yredelemnul.
  1238 | D:2      | Reached XP level 4. HP: 34/35 MP: 4/4
  1497 | D:2      | Found a glowing silver altar of Zin.
  1808 | D:2      | Reached XP level 5. HP: 31/41 MP: 5/5
  1921 | D:2      | Found a shadowy altar of Dithmenos.
  1930 | D:2      | 1930 ||| UPGRADING to whip.
  1931 | D:2      | 1931 ||| SWAPPING to +0 war axe.
  2064 | D:2      | 2064 ||| READING 2 scrolls labeled TAXEYJ QUSI.
  2065 | D:2      | 2065 ||| READING scroll labeled BIGIEXT DAOTU.
  2066 | D:2      | 2066 ||| READING 3 scrolls labeled XEMEQYTIWO.
  2067 | D:2      | 2067 ||| READING 2 scrolls of enchant armour.
  2067 | D:2      | 2067 ||| ENCHANTING +1 pair of gloves.
  2068 | D:2      | 2068 ||| READING scroll of identify.
  2068 | D:2      | 2068 ||| IDENTIFYING small gilded ring
  2069 | D:2      | 2069 ||| UPGRADING to +3 ring of dexterity.
  2070 | D:2      | 2070 ||| DROPPING potion of agility.
  2139 | D:3      | Reached skill level 5 in Axes
  2275 | D:3      | Found a burning altar of Makhleb.
  2379 | D:3      | Reached skill level 1 in Dodging
  2410 | D:3      | Found an opulent altar of Gozag.
  2529 | D:3      | 2529 ||| UPGRADING to flail.
  2530 | D:3      | 2530 ||| SWAPPING to +0 war axe.
  2531 | D:3      | 2531 ||| DROPPING +0 whip.
  2638 | D:3      | Noticed an ogre
  2667 | D:3      | 2667 ||| STAIRDANCE
  2708 | D:2      | 2708 ||| UPGRADING to onyx ring.
  2709 | D:2      | 2709 ||| READING 2 scrolls of remove curse.
  2710 | D:2      | 2710 ||| REMOVING ring of teleportation.
  2711 | D:2      | 2711 ||| DROPPING ring of teleportation.
  2712 | D:2      | 2712 ||| READING 2 scrolls labeled OLAELU FUIGH.
  2713 | D:2      | 2713 ||| READING 2 scrolls of identify.
  2713 | D:2      | 2713 ||| IDENTIFYING tourmaline ring
  2714 | D:2      | 2714 ||| DROPPING scroll of amnesia.
  2722 | D:3      | Killed an ogre
  2722 | D:3      | Reached skill level 5 in Shields
  2722 | D:3      | Reached XP level 6. HP: 30/47 MP: 6/6
  2723 | D:3      | 2723 ||| STAIRDANCE
  3000 | D:3      | Found a hide-covered altar of Uskayaw.
  3210 | D:4      | Found a staircase to the Ecumenical Temple.
  3224 | Temple   | Entered the Ecumenical Temple
  3225 | Temple   | 3225 ||| Entered T.
  3229 | Temple   | Became a worshipper of Warmaster Okawaru
  3244 | Temple   | 3244 ||| DRINKING 2 murky purple potions.
  3246 | Temple   | 3246 ||| DROPPING potion of degeneration.
  3251 | Temple   | 3251 ||| EATING 7 rations.
  3440 | D:4      | Reached XP level 7. HP: 41/52 MP: 7/7
  3728 | D:4      | 3728 ||| STAIRDANCE
  3807 | D:3      | 3807 ||| READING 3 scrolls labeled TUCLITHIEZE.
  3808 | D:3      | 3808 ||| READING 2 scrolls of identify.
  3808 | D:3      | 3808 ||| IDENTIFYING ruby potion
  3809 | D:3      | 3809 ||| DROPPING 2 scrolls of immolation.
  3810 | D:3      | 3810 ||| DROPPING potion of magic.
  4408 | D:4      | Found a bloodstained altar of Trog.
  4706 | D:4      | Reached * piety under Okawaru
  4706 | D:4      | Reached XP level 8. HP: 53/60 MP: 8/8
  4758 | D:4      | Got a shimmering steel ring
  4770 | D:4      | 4770 ||| UPGRADING to large shield.
  4780 | D:4      | 4780 ||| DROPPING +0 shield.
  4781 | D:4      | 4781 ||| UPGRADING to shimmering steel ring.
  4781 | D:4      | Identified the ring of Fibiuh Gitwo {rPois MR- AC+4 Int+3 Dex+3} (You found it on level 4 of the Dungeon)
  4782 | D:4      | 4782 ||| DRINKING 2 purple potions.
  4813 | D:4      | 4813 ||| DROPPING potion of lignification.
  4893 | D:5      | Entered Level 5 of the Dungeon
  4894 | D:5      | 4894 ||| INVOKING Heroism.
  4936 | D:5      | 4936 ||| STAIRDANCE
  5042 | D:5      | Reached skill level 1 in Invocations
  5136 | D:5      | Found a sparkling altar of Nemelex Xobeh.
  5284 | D:5      | Found a blossoming altar of Fedhas.
  5298 | D:5      | Noticed htuhola's ghost (novice MiAK)
  5299 | D:5      | 5299 ||| INVOKING Heroism.
  5312 | D:5      | 5312 ||| INVOKING Heroism.
  5315 | D:5      | Killed htuhola's ghost
  5425 | D:5      | Reached XP level 9. HP: 60/66 MP: 12/12
  5586 | D:5      | Reached skill level 5 in Fighting
  5853 | D:5      | Reached ** piety under Okawaru
  5931 | D:5      | 5931 ||| UPGRADING to runed jade ring.
  5988 | D:6      | 5988 ||| INVOKING Heroism.
  6274 | D:6      | Found a burning altar of Makhleb.
  6453 | D:6      | 6453 ||| INVOKING Heroism.
  6741 | D:6      | 6741 ||| READING scroll labeled JOEQAIKACW.
  6742 | D:6      | 6742 ||| DRINKING 2 fizzy cyan potions.
  6743 | D:6      | 6743 ||| DROPPING potion of flight.
  6852 | D:7      | 6852 ||| INVOKING Heroism.
  7073 | D:7      | Found a sacrificial altar of Ru.
  7580 | D:7      | 7580 ||| UPGRADING to glowing scale mail.
  7590 | D:7      | 7590 ||| UPGRADING to +0 chain mail.
  7600 | D:7      | 7600 ||| DRINKING 2 pink potions.
  7601 | D:7      | 7601 ||| DRINKING 3 lumpy golden potions.
  7605 | D:7      | 7605 ||| DROPPING 2 potions of ambrosia.
  7618 | D:7      | Got an iridescent glaive
  7619 | D:7      | Identified the +2 glaive of Ozeuntir {flame, Str+2} (You found it on level 7 of the Dungeon)
  7621 | D:7      | Got a bloodstained spear
  7622 | D:7      | Identified the +6 spear of the Puffin {pierce, rElec rN+} (You found it on level 7 of the Dungeon)
  7738 | D:8      | Reached *** piety under Okawaru
  7753 | D:8      | Noticed a two-headed ogre
  7769 | D:8      | Killed a two-headed ogre
  7769 | D:8      | Reached skill level 10 in Axes
  7769 | D:8      | Reached XP level 10. HP: 35/76 MP: 10/13
  8385 | D:8      | Noticed a two-headed ogre
  8389 | D:8      | Noticed Joseph
  8399 | D:8      | Killed a two-headed ogre
  8399 | D:8      | Reached **** piety under Okawaru
  8423 | D:8      | Killed Joseph
  8716 | D:8      | Noticed Pikel
  8737 | D:8      | Killed Pikel
  8766 | D:8      | Found Horchaan's Assorted Antiques.
  9247 | D:9      | Reached ***** piety under Okawaru
  9361 | D:9      | Reached XP level 11. HP: 81/81 MP: 14/14
  9392 | D:9      | Found a staircase to the Lair.
  9530 | D:9      | Noticed Prince Ribbit
  9707 | D:9      | Noticed a centaur warrior
  9714 | D:9      | Killed Prince Ribbit
  9725 | D:9      | Killed a centaur warrior
 10015 | D:9      | Found an ancient bone altar of Kikubaaqudgha.
 10129 | D:9      | Reached skill level 5 in Crossbows
 10465 | D:9      | Found an ornate altar of the Wu Jian Council.
 10602 | D:10     | Entered Level 10 of the Dungeon
 10653 | D:10     | Noticed a centaur warrior
 10673 | D:10     | Killed a centaur warrior
 10903 | D:10     | Noticed Urug
 10931 | D:10     | Killed Urug
 10931 | D:10     | Received a gift from Okawaru
 10932 | D:10     | Got a scorched ring mail {god gift}
 10959 | D:10     | Identified the +3 ring mail of Valiance {rF- rC- MR+++ Stlth+} (Okawaru gifted it to you on level 10 of the Dungeon)
 11232 | D:10     | Noticed Maurice
 11246 | D:10     | Killed Maurice
 11246 | D:10     | Reached skill level 5 in Invocations
 11844 | Lair:1   | Entered Level 1 of the Lair of Beasts
 12069 | D:9      | Reached XP level 12. HP: 63/88 MP: 9/16
 12982 | Lair:1   | Received a gift from Okawaru
 14099 | Lair:2   | Reached skill level 5 in Armour
 14815 | D:11     | Noticed Snorg
 14826 | D:11     | Killed Snorg
 14835 | D:11     | Found Vocuad's Weapon Shop.
 14837 | D:11     | Found a labyrinth entrance.
 14841 | Lab      | Entered a labyrinth
 14966 | Lab      | Received a gift from Okawaru
 14966 | Lab      | Reached XP level 13. HP: 64/93 MP: 4/19
 15310 | Lab      | Noticed a minotaur
 15325 | Lab      | Killed a minotaur
 15325 | Lab      | Reached skill level 15 in Axes
 15330 | Lab      | Got an ancient jade ring
 15331 | Lab      | Got an iridescent rapier
 15333 | Lab      | Identified the cursed +3 rapier of Valiance {flame, *Rage rF+ MR+ Int+4} (You found it in a labyrinth)
 15433 | D:11     | Identified the ring of Zemnasm {rPois Str+4} (You found it in a labyrinth)
 15450 | D:11     | Bought a +2 arbalest of velocity for 243 gold pieces
 15581 | D:11     | Found a staircase to the Orcish Mines.
 15677 | D:11     | Identified a +1 pair of boots of running (You found it on level 11 of the Dungeon)
 16006 | D:11     | Noticed a five-headed hydra
 16027 | D:11     | Killed a five-headed hydra
 16564 | Orc:1    | Entered Level 1 of the Orcish Mines
 16594 | Orc:2    | Entered Level 2 of the Orcish Mines
 16594 | Orc:2    | Found a staircase to the Elven Halls.
 16701 | Orc:1    | Received a gift from Okawaru
 16734 | Orc:1    | Found a roughly hewn altar of Beogh.
 17157 | Orc:1    | Reached skill level 10 in Shields
 17636 | Orc:1    | Found a roughly hewn altar of Beogh.
 17959 | Orc:2    | Found a roughly hewn altar of Beogh.
 18033 | Orc:2    | Found a roughly hewn altar of Beogh.
 18267 | Orc:2    | Found a roughly hewn altar of Beogh.
 18321 | Orc:2    | Found Jeadoc's Antique Armour Shop.
 18541 | Orc:2    | Found a roughly hewn altar of Beogh.
 18605 | Orc:2    | Received a gift from Okawaru
 19220 | Orc:2    | Received a gift from Okawaru
 19330 | Orc:2    | Noticed Saint Roka
 19422 | Orc:2    | Killed Saint Roka
 19422 | Orc:2    | Reached XP level 14. HP: 22/100 MP: 0/20
 19424 | Orc:2    | HP: 4/100 [orc warrior/dire flail[Saint Roka] (18)]
 19746 | Orc:2    | Found a roughly hewn altar of Beogh.
 19746 | Orc:2    | Found Jycyhick's Antique Armour Emporium.
 19747 | Orc:2    | Found Ritalack's Antique Weapon Shoppe.
 19766 | Orc:2    | Bought a runed large shield for 202 gold pieces
 19823 | Orc:2    | Bought a bloodstained plate armour for 812 gold pieces
 19833 | Orc:2    | Identified the +10 plate armour of the New World {rElec Dex+3} (You bought it in a shop on level 2 of the Orcish Mines)
 20051 | Lair:3   | Noticed Valens254's ghost (journeyman GrFi)
 20099 | Lair:3   | Killed Valens254's ghost
 20877 | Lair:4   | Reached ****** piety under Okawaru
 20908 | Lair:4   | Received a gift from Okawaru
 21174 | Lair:4   | Found a hole to the Spider Nest.
 21304 | Lair:4   | Received a gift from Okawaru
 21412 | Lair:4   | Found a staircase to the Shoals.
 21971 | Lair:4   | Received a gift from Okawaru
 21978 | Lair:4   | Reached skill level 10 in Armour
 22342 | Lair:5   | Received a gift from Okawaru
 23172 | Lair:5   | Reached XP level 15. HP: 105/105 MP: 21/21
 23192 | Lair:5   | Received a gift from Okawaru
 23487 | Lair:6   | Entered Level 6 of the Lair of Beasts
 23541 | Lair:6   | Received a gift from Okawaru
 23761 | Lair:6   | Found a dark tunnel.
 23769 | Volcano  | Entered a volcano
 24141 | Volcano  | Found a radiant altar of Vehumet.
 24771 | Lair:6   | Reached skill level 10 in Crossbows
 25589 | Lair:6   | Found a staircase to the Slime Pits.
 25790 | Lair:6   | Received a gift from Okawaru
 26219 | Lair:6   | Received a gift from Okawaru
 26679 | D:8      | Bought 2 potions of heal wounds for 330 gold pieces
 27092 | D:12     | Found a snail-covered altar of Cheibriados.
 27112 | D:12     | Reached XP level 16. HP: 111/111 MP: 22/22
 27166 | D:12     | Found Legepali's Food Emporium.
 27402 | D:12     | Found the +4 robe of Augmentation {Str+4 Int+4 Dex+4}
 28288 | D:14     | Received a gift from Okawaru
 28482 | D:15     | Entered Level 15 of the Dungeon
 29195 | D:15     | Noticed Sonja
 29303 | D:15     | Found Peavvasu's General Store.
 29495 | D:15     | Found a basalt altar of Yredelemnul.
 29497 | D:15     | Bought a potion of heal wounds for 80 gold pieces
 31356 | D:13     | Received a gift from Okawaru
 32010 | D:13     | Received a gift from Okawaru
 32057 | D:13     | Got a polished arbalest {god gift}
 32058 | D:13     | Identified the +7 arbalest "Undertaker" {velocity, MR+ Int-2 Stlth+} (Okawaru gifted it to you on level 13 of the Dungeon)
 32289 | D:13     | Found a gate to the Vaults.
 32846 | Elf:1    | Entered Level 1 of the Elven Halls
 33502 | Elf:1    | Identified the Disquisition on Stolen Souls
 33638 | Elf:1    | Found an ancient bone altar of Kikubaaqudgha.
 33953 | Elf:1    | Reached XP level 17. HP: 113/117 MP: 23/23
 34011 | Elf:1    | Received a gift from Okawaru
 34600 | Elf:1    | Noticed Roxanne
 34943 | Elf:1    | Reached skill level 15 in Shields
 35645 | Elf:2    | Found Oxisykic's General Store.
 35977 | Elf:2    | Got a transparent falchion
 36071 | Elf:2    | Found a huge runed gate.
 36071 | Elf:2    | Found a huge runed gate.
 36072 | Elf:2    | Found a huge runed gate.
 36396 | Elf:2    | Received a gift from Okawaru
 36686 | Elf:2    | Noticed a deep elf blademaster
 36701 | Elf:2    | Killed a deep elf blademaster
 37002 | Lair:1   | Identified the +4 falchion of Igaakinn {chaos, rF++ Int+2 SInv} (You found it on level 2 of the Elven Halls)
 37659 | Spider:1 | Entered Level 1 of the Spider Nest
 37679 | Spider:1 | Got a faintly humming cloak
 37699 | Spider:1 | Identified the +0 cloak of Happiness {rC+ Str+3 Slay-4} (You found it on level 1 of the Spider Nest)
 38017 | Spider:1 | Reached XP level 18. HP: 123/123 MP: 21/24
 38150 | Spider:2 | Noticed Arachne
 38166 | Spider:2 | Killed Arachne
 38992 | Spider:3 | Noticed Mara
 38994 | Spider:3 | Noticed KleinerIrrer's illusion
 39035 | Spider:3 | Received a gift from Okawaru
 39042 | Spider:3 | Found a frozen archway.
 39044 | Spider:3 | Noticed Asterion
 39046 | Spider:3 | Noticed an Executioner
 39055 | IceCv    | Entered an ice cave
 39852 | IceCv    | Noticed an Ice Fiend
 39920 | IceCv    | Killed an Ice Fiend
 40186 | IceCv    | Identified the Guide on the Burning Voyage
 40193 | IceCv    | Got a pair of twisted gloves
 40218 | IceCv    | Identified the +2 pair of gloves of Gomomm {Dex+2} (You found it in an ice cave)
 40385 | Spider:3 | Killed Asterion
 40408 | Spider:3 | Reached skill level 15 in Armour
 40982 | Spider:3 | Noticed KleinerIrrer's illusion
 41096 | Spider:3 | Received a gift from Okawaru
 41101 | Spider:3 | Got an encrusted broad axe {god gift}
 41143 | Spider:3 | Got an encrusted ring mail
 41145 | Spider:3 | Got a dazzling great sword
 41154 | Spider:3 | Identified the +8 broad axe "Jestrecono" {chop, -Tele +Inv rF+} (Okawaru gifted it to you on level 3 of the Spider Nest)
 41155 | Spider:3 | Identified the +1 great sword "Bauran" {holy, Fragile rF+++ Dex-5 Stlth+} (You found it on level 3 of the Spider Nest)
 41167 | Spider:3 | Identified the cursed +1 ring mail of Spite {MR+ Dex-4 SInv Stlth+} (You found it on level 3 of the Spider Nest)
 41215 | Spider:3 | Noticed KleinerIrrer's illusion
 41611 | Spider:3 | Noticed KleinerIrrer's illusion
 41616 | Spider:3 | Killed Mara
 41616 | Spider:3 | Reached XP level 19. HP: 92/129 MP: 18/25
 41942 | Spider:4 | Entered Level 4 of the Spider Nest
 42001 | Spider:4 | Noticed Kirke
 42031 | Spider:4 | Killed Kirke
 42200 | Spider:4 | Noticed Donald
 42233 | Spider:4 | Killed Donald
 42462 | Spider:4 | Received a gift from Okawaru
 42717 | Spider:4 | Got a gossamer rune of Zot
 43068 | Lair:1   | Identified a scroll of acquirement
 43234 | Vaults:1 | Entered Level 1 of the Vaults
 43391 | Vaults:1 | Received a gift from Okawaru
 43448 | Vaults:1 | Reached XP level 20. HP: 135/135 MP: 26/26
 43464 | Vaults:1 | Got a transparent ivory ring
 43469 | Vaults:1 | Found a flickering gateway to a bazaar.
 43478 | Bazaar   | Entered a bazaar
 43497 | Bazaar   | Found Uklilan's Food Shop.
 43502 | Bazaar   | Found Liebb's Weapon Shop.
 43516 | Bazaar   | Found Ippa's Book Boutique.
 43521 | Bazaar   | Found Owkeuhorod's Jewellery Emporium.
 43572 | Bazaar   | Bought an uncursed ring of positive energy for 180 gold pieces
 43572 | Bazaar   | Bought the amulet of Amorality {Gourm rF++ Str-3 Dex+2} for 471 gold pieces
 43610 | Bazaar   | Identified the ring of Brilliance {*Tele rF++ rC+ Slay-2} (You found it on level 1 of the Vaults)
 43650 | Vaults:1 | Found a ruined gateway.
 43661 | Desolati | Entered the Desolation of Salt
 43729 | Desolati | Received a gift from Okawaru
 43822 | Desolati | Received a gift from Okawaru
 44169 | Desolati | Identified the Papyrus of Translocation
 44175 | Desolati | Learned a level 3 spell: Portal Projectile
 44176 | Desolati | Got a faintly glowing brass ring
 44178 | Desolati | Identified the ring of Dogma {Ice rPois Str-2 Dex+2 Stlth+} (You found it in the Desolation of Salt)
 44180 | Desolati | Identified the Tome of Dusty Boosts
 44504 | Desolati | Got a coiled granite ring
 44513 | Desolati | Got an ebony arbalest
 44534 | Desolati | Identified the Handbook of the Nine Seas
 44621 | Desolati | Identified the ring "Puajoa" {EV+5 Dex+4} (You found it in the Desolation of Salt)
 44818 | Desolati | Reached skill level 5 in Dodging
 44900 | Desolati | Identified the Volume of Supportive Feathers
 44908 | Desolati | Identified the Collected Works on Torrid Evil
 44910 | Desolati | Identified the Handbook of Stones
 45268 | Lair:1   | Identified the cursed +2 arbalest "Ant's Regret" {velocity, Str+5 Dex-4} (You found it in the Desolation of Salt)
 45482 | Vaults:2 | Received a gift from Okawaru
 45579 | Vaults:2 | Received a gift from Okawaru
 46061 | Vaults:1 | Got an iridescent scimitar
 46099 | Vaults:1 | Reached XP level 21. HP: 133/141 MP: 27/27
 47394 | Lair:6   | Got a faintly glowing broad axe {god gift}
 47395 | Lair:6   | Identified the +11 broad axe "Mepteeni" {drain, *Rage rElec rF- MR++} (Okawaru gifted it to you on level 6 of the Lair of Beasts)
 48091 | Vaults:2 | Got dazzling ice dragon scales {god gift}
 48102 | Vaults:2 | Identified the +4 ice dragon scales of Inevitability {rElec rF- rC++ Int-4 Dex+2 SInv} (Okawaru gifted it to you on level 2 of the Vaults)
 48179 | Vaults:2 | Noticed a lich
 48185 | Vaults:2 | Killed a lich
 48361 | Vaults:2 | Found Dyeror's Antique Weapon Shop.
 48818 | Vaults:2 | Received a gift from Okawaru
 48825 | Vaults:2 | Got an encrusted arbalest {god gift}
 48826 | Vaults:2 | Identified the +1 arbalest of Rifuug {velocity, rPois rF+} (Okawaru gifted it to you on level 2 of the Vaults)
 49573 | Vaults:3 | Noticed Frederick
 49610 | Vaults:3 | Killed Frederick
 49639 | Vaults:3 | Noticed Margery
 49662 | Vaults:3 | Killed Margery
 49764 | Vaults:3 | Found a staircase to the Crypt.
 49764 | Vaults:3 | Found a basalt altar of Yredelemnul.
 49765 | Vaults:3 | Found an ancient bone altar of Kikubaaqudgha.
 49794 | Vaults:3 | Reached XP level 22. HP: 145/147 MP: 28/28
 50124 | Vaults:3 | Received a gift from Okawaru
 50376 | Vaults:3 | Received a gift from Okawaru
 50785 | Vaults:3 | Noticed Boris
 50804 | Vaults:3 | Killed Boris
 51539 | Vaults:4 | Received a gift from Okawaru
 51610 | Vaults:4 | Received a gift from Okawaru
 51668 | Vaults:4 | Reached XP level 23. HP: 152/152 MP: 29/29
 51707 | Vaults:4 | Got a pair of polished boots {god gift}
 51718 | Vaults:4 | Identified the +5 pair of boots of the Griffon {+Blink} (Okawaru gifted it to you on level 4 of the Vaults)
 51827 | Vaults:4 | Reached skill level 10 in Dodging
 52132 | Vaults:4 | Found Suxabuz's Antique Armour Shop.
 52223 | Vaults:4 | Noticed Sojobo
 52268 | Vaults:4 | Killed Sojobo
 52498 | Vaults:4 | Found Qadeuz's Distillery.
 52506 | Vaults:4 | Bought a potion of heal wounds for 60 gold pieces
 52506 | Vaults:4 | Bought a potion of heal wounds for 60 gold pieces
 52506 | Vaults:4 | Bought a potion of heal wounds for 60 gold pieces
 52506 | Vaults:4 | Bought a potion of agility for 48 gold pieces
 52506 | Vaults:4 | Bought a potion of curing for 36 gold pieces
 52506 | Vaults:4 | Bought 2 potions of might for 96 gold pieces
 52671 | Vaults:5 | Entered Level 5 of the Vaults
 52760 | Vaults:5 | Noticed a golden dragon
 52809 | Vaults:5 | Received a gift from Okawaru
 52824 | Vaults:4 | Killed a golden dragon
 52827 | Vaults:4 | Received a gift from Okawaru
 52834 | Vaults:4 | Got a scorched hand axe {god gift}
 53353 | Vaults:5 | Received a gift from Okawaru
 53359 | Vaults:5 | Reached XP level 24. HP: 159/159 MP: 24/29
 53403 | Vaults:5 | Noticed an ancient lich
 53411 | Vaults:5 | Received a gift from Okawaru
 53417 | Vaults:5 | Killed an ancient lich
 53756 | Vaults:5 | Noticed a golden dragon
 53770 | Vaults:5 | Killed a golden dragon
 53857 | Vaults:5 | Received a gift from Okawaru
 54069 | Vaults:5 | Got a wavering amethyst amulet
 54070 | Vaults:5 | Identified the amulet of Optimism {Faith Str+4 Dex+2} (You found it on level 5 of the Vaults)
 54421 | Vaults:5 | Got a silver rune of Zot
 54971 | Shoals:1 | Entered Level 1 of the Shoals
 55013 | Shoals:1 | Found Piwubafri's Jewellery Shoppe.
 55709 | Shoals:2 | Reached XP level 25. HP: 164/164 MP: 29/29
 56154 | Shoals:3 | Noticed Bai Suzhen
 56198 | Shoals:3 | Killed Bai Suzhen
 57020 | Shoals:4 | Entered Level 4 of the Shoals
 57058 | Shoals:4 | Received a gift from Okawaru
 57068 | Shoals:4 | Noticed Ilsuiw
 57107 | Shoals:4 | Killed Ilsuiw
 57710 | Shoals:4 | Identified the Tome of Flying Aid
 57864 | Shoals:4 | Got a transparent great sword
 57965 | Shoals:4 | Noticed Polyphemus
 57988 | Shoals:4 | Killed Polyphemus
 57988 | Shoals:4 | Received a gift from Okawaru
 58086 | Shoals:4 | Got a barnacled rune of Zot
 59093 | Slime:1  | Entered Level 1 of the Pits of Slime
 59120 | Slime:1  | Gained mutation: Armour fits poorly on your strangely shaped body. [a shining eye]
 59126 | Slime:1  | Gained mutation: Scrolls take you a little longer to read. [a shining eye]
 59140 | Lair:6   | Received a gift from Okawaru
 59557 | D:15     | Found a staircase to the Depths.
 59850 | D:15     | Killed Sonja
 59920 | Depths:1 | Entered Level 1 of the Depths
 59984 | Depths:1 | Received a gift from Okawaru
 60348 | Depths:1 | Reached XP level 26. HP: 171/171 MP: 28/29
 60388 | Depths:1 | Found a sparkling altar of Nemelex Xobeh.
 60394 | Depths:1 | Found a gateway to Hell.
 60422 | Depths:1 | Found a white marble altar of Elyvilon.
 61216 | Depths:2 | Noticed Nikola
 61235 | Depths:2 | Killed Nikola
 62313 | Depths:3 | Received a gift from Okawaru
 62397 | Depths:3 | Found a blossoming altar of Fedhas.
 62398 | Depths:3 | Found a one-way gate to the infinite horrors of the Abyss.
 62422 | Depths:3 | Received a gift from Okawaru
 62672 | Depths:3 | Found a runed door.
 62673 | Depths:3 | Found a runed door.
 62675 | Depths:3 | Found a runed door.
 62782 | Depths:3 | Received a gift from Okawaru
 62837 | Depths:3 | Found a one-way gate leading to the halls of Pandemonium.
 62876 | Depths:3 | Received a gift from Okawaru
 63065 | Depths:3 | Reached XP level 27. HP: 176/176 MP: 29/29
 63133 | Depths:3 | Found a runed door.
 63189 | Depths:3 | Found a runed door.
 63210 | Depths:3 | Received a gift from Okawaru
 63335 | Depths:3 | Found a shattered altar of Ashenzari.
 63337 | Depths:3 | Found a shattered altar of Ashenzari.
 63337 | Depths:3 | Found a sparkling altar of Nemelex Xobeh.
 63337 | Depths:3 | Found a hide-covered altar of Uskayaw.
 63624 | Depths:3 | Noticed a juggernaut
 63638 | Depths:3 | Killed a juggernaut
 63773 | Depths:3 | Found a gateway to a ziggurat.
 63795 | Depths:3 | Got a crude platinum amulet
 63821 | Depths:3 | Received a gift from Okawaru
 63903 | Depths:3 | Identified Ymnuthrepp's First Steps in Wizardry
 63911 | Depths:3 | Learned a level 3 spell: Regeneration
 63941 | Depths:3 | Found a runed door.
 63945 | Depths:3 | Found a runed door.
 64716 | Depths:3 | Got fine gold dragon scales
 64737 | Depths:3 | Identified the +11 gold dragon scales of Tender Moments {+Blink rPois rF+ rC+ MR- Stlth+} (You found it on level 3 of the Depths)
 64888 | Depths:3 | Reached skill level 15 in Dodging
 64976 | Depths:3 | Identified the Papyrus of Blistering Ice
 65168 | Depths:4 | Found Awidgh's Book Boutique.
 65239 | Depths:4 | Identified the amulet "Leuwnew" {Gourm rElec rC+ MP-9} (You took it off a fire giant on level 3 of the Depths)
 65317 | Depths:4 | Found Jonyg's Magic Scroll Boutique.
 65467 | Depths:4 | Found Cyluozeh's Assorted Antiques.
 65470 | Depths:4 | Bought a blackened jade ring for 185 gold pieces
 65501 | Depths:4 | Found a shimmering altar of Xom.
 65664 | Depths:4 | Found a gateway to a bazaar.
 65674 | Depths:4 | Received a gift from Okawaru
 65703 | Bazaar   | Entered a bazaar
 65703 | Bazaar   | Found Xirosiaf's Jewellery Emporium.
 65703 | Bazaar   | Found Syptuv's Book Shoppe.
 65703 | Bazaar   | Found Zatsedol's Food Shoppe.
 65703 | Bazaar   | Found Qiestoul's Antique Weapon Emporium.
 65703 | Bazaar   | Found Dinap's Antique Weapon Emporium.
 65703 | Bazaar   | Found Genach's Gadget Shoppe.
 65732 | Bazaar   | Bought a +5 amulet of reflection for 412 gold pieces
 65746 | Bazaar   | Bought a book of Battle for 320 gold pieces
 65749 | Bazaar   | Learned a level 2 spell: Song of Slaying
 65820 | Depths:4 | Found Utaff's Gadget Shoppe.
 65945 | Depths:5 | Entered Level 5 of the Depths
 66097 | Depths:5 | Found a viscous altar of Jiyva.
 66733 | Depths:5 | Noticed Boris
 66779 | Depths:5 | Killed Boris
 67107 | Depths:5 | Found a gate to the Realm of Zot.
 67813 | Lair:1   | Got a translucent golden ring
 67816 | Lair:1   | Identified the ring "Guonaz" {MR+ Str+3} (You acquired it on level 1 of the Lair of Beasts)
 67947 | Elf:3    | Entered Level 3 of the Elven Halls
 68067 | Elf:3    | Found a flickering gateway to a bazaar.
 68084 | Bazaar   | Entered a bazaar
 68085 | Bazaar   | Found Micew's Assorted Antiques.
 68093 | Bazaar   | Bought a potion of mutation for 216 gold pieces
 68093 | Bazaar   | Lost mutation: Armour fits poorly on your strangely shaped body. [potion of mutation]
 68093 | Bazaar   | Lost mutation: Scrolls take you a little longer to read. [potion of mutation]
 68093 | Bazaar   | Gained mutation: You are frail. (-10% HP) [potion of mutation]
 68093 | Bazaar   | Gained mutation: You are partially covered in rugged brown scales. (AC +1, +3% HP) [potion of mutation]
 68093 | Bazaar   | Gained mutation: You are somewhat resistant to further mutation. [potion of mutation]
 68102 | Bazaar   | Found Asi Xacy's Antique Armour Shoppe.
 68115 | Bazaar   | Found Eceivix's Armour Emporium.
 68128 | Bazaar   | Found Ogistom's Distillery.
 68148 | Bazaar   | Bought the +8 orange crystal plate armour {Archmagi, Int+3 Clar} for 2167 gold pieces
 68148 | Bazaar   | Found the +8 orange crystal plate armour {Archmagi, Int+3 Clar}
 68159 | Bazaar   | Bought 2 potions of heal wounds for 160 gold pieces
 68159 | Bazaar   | Bought a potion of heal wounds for 80 gold pieces
 68159 | Bazaar   | Bought a potion of magic for 128 gold pieces
 68617 | Elf:3    | Received a gift from Okawaru
 68649 | Elf:3    | HP: 8/163 [deep elf sorcerer/damnation (40)]
 70720 | Slime:4  | Reached skill level 1 in Spellcasting
 70769 | Slime:4  | Reached skill level 1 in Charms
 71575 | Elf:3    | Received a gift from Okawaru
 72391 | Elf:3    | Received a gift from Okawaru
 72782 | Elf:3    | Found the +2 shield of Resistance {rF+ rC+ MR+}
 72804 | Elf:3    | Got a wavering steel ring
 72809 | Elf:3    | Got a jewelled morningstar
 72925 | Elf:3    | Identified the ring of Ikluiboth {+Inv rC+ Stlth-} (You found it on level 3 of the Elven Halls)
 73502 | Slime:5  | Entered Level 5 of the Pits of Slime
 73680 | Slime:5  | Gained mutation: Your body sometimes deteriorates upon taking damage. [a shining eye]
 73694 | Slime:5  | Received a gift from Okawaru
 73845 | Slime:5  | Found a viscous altar of Jiyva.
 73853 | Slime:5  | Noticed the Royal Jelly
 73868 | Slime:5  | Killed the Royal Jelly
 73868 | Slime:5  | Received a gift from Okawaru
 73977 | Slime:5  | Lost mutation: Your body sometimes deteriorates upon taking damage. [potion of mutation]
 73977 | Slime:5  | Lost mutation: You are frail. (-10% HP) [potion of mutation]
 73977 | Slime:5  | Gained mutation: You are weak. (Str -2) [potion of mutation]
 73999 | Slime:5  | Got a sparkling zirconium amulet
 74007 | Slime:5  | Got a slimy rune of Zot
 74288 | Lair:1   | Identified the amulet of a Billion Orbs {Gourm +Fly Str+4} (You found it on level 5 of the Pits of Slime)
 74395 | Temple   | Fell from the grace of Okawaru
 74395 | Temple   | Became a worshipper of the Shining One
 74784 | Crypt:1  | Entered Level 1 of the Crypt
 74794 | Crypt:1  | Noticed Jory
 74817 | Crypt:1  | Killed Jory
 74817 | Crypt:1  | Reached skill level 15 in Crossbows
 75473 | Crypt:1  | Reached * piety under the Shining One
 75623 | Crypt:1  | Reached ** piety under the Shining One
 76139 | Crypt:2  | Reached *** piety under the Shining One
 76177 | Crypt:2  | HP: 4/181 [titan/the air[the fury of Okawaru] (36)]
 76753 | Crypt:2  | Reached **** piety under the Shining One
 77428 | Crypt:3  | Entered Level 3 of the Crypt
 77433 | Crypt:3  | Reached ***** piety under the Shining One
 78282 | Crypt:3  | Reached skill level 10 in Invocations
 78304 | Crypt:3  | Reached ****** piety under the Shining One
 78305 | Crypt:3  | Identified a +9 executioner's axe of holy wrath (a +7 executioner's axe of electrocution blessed by the Shining One)
 78305 | Crypt:3  | Received a gift from the Shining One
 78393 | Crypt:3  | Found a staircase to the Tomb.
 78952 | Lair:1   | Learned a level 4 spell: Passage of Golubria
 79242 | Depths:3 | Voluntarily entered the Abyss.
 79295 | Abyss:1  | Found a corrupted altar of Lugonu.
 79346 | Abyss:1  | Found a corrupted altar of Lugonu.
 79522 | Abyss:1  | Reached skill level 5 in Spellcasting
 79525 | Abyss:1  | Reached skill level 5 in Charms
 79949 | Depths:3 | Escaped the Abyss
 80003 | Depths:3 | Was forgiven by Okawaru
 80181 | Depths:3 | Voluntarily entered the Abyss.
 80442 | Abyss:1  | Found a corrupted altar of Lugonu.
 80637 | Abyss:1  | Gained mutation: Your magical capacity is low. (-10% MP) [a neqoxec]
 81662 | Abyss:1  | Found a corrupted altar of Lugonu.
 82861 | Depths:3 | Escaped the Abyss
 82884 | Depths:3 | Got a pitted tin ring
 82887 | Depths:3 | Identified the ring "Nyptu" {+Fly Int-2 Dex+9 Slay+1 Stlth-} (You acquired it on level 3 of the Depths)
 82893 | Depths:3 | Voluntarily entered the Abyss.
 83644 | Abyss:1  | Found a stormy altar of Qazlal.
 83777 | Abyss:1  | Found a stormy altar of Qazlal.
 84568 | Abyss:1  | Noticed an ancient lich
 84577 | Abyss:1  | Killed an ancient lich
 85405 | Abyss:1  | Found a roughly hewn altar of Beogh.
 85610 | Abyss:1  | Reached skill level 27 in Shields
 85664 | Abyss:1  | Found a corrupted altar of Lugonu.
 85981 | Abyss:1  | Reached skill level 1 in Necromancy
 86113 | Abyss:1  | Found an ancient bone altar of Kikubaaqudgha.
 86220 | Abyss:1  | Found a corrupted altar of Lugonu.
 86502 | Abyss:1  | Found a corrupted altar of Lugonu.
 86672 | Abyss:1  | Gained mutation: Armour fits poorly on your strangely shaped body. [a neqoxec]
 86890 | Abyss:1  | Lost mutation: Your magical capacity is low. (-10% MP) [potion of mutation]
 86890 | Abyss:1  | Lost mutation: Armour fits poorly on your strangely shaped body. [potion of mutation]
 86890 | Abyss:1  | Lost mutation: You are weak. (Str -2) [potion of mutation]
 86890 | Abyss:1  | Lost mutation: You are partially covered in rugged brown scales. (AC +1, +3% HP) [potion of mutation]
 87627 | Abyss:1  | Reached skill level 15 in Invocations
 87909 | Abyss:1  | Found a corrupted altar of Lugonu.
 87940 | Abyss:1  | Found a sacrificial altar of Ru.
 87948 | Depths:3 | Escaped the Abyss
 87955 | Depths:3 | Voluntarily entered the Abyss.
 89327 | Abyss:1  | Found a blossoming altar of Fedhas.
 89379 | Abyss:1  | Found a hazy altar of Hepliaklqana.
 89493 | Abyss:1  | Noticed an ancient lich
 89494 | Abyss:1  | Found a hazy altar of Hepliaklqana.
 89503 | Abyss:1  | Killed an ancient lich
 89528 | Abyss:1  | Found a blossoming altar of Fedhas.
 89530 | Abyss:1  | Found a hazy altar of Hepliaklqana.
 89534 | Abyss:1  | Noticed an ancient lich
 89542 | Abyss:1  | Killed an ancient lich
 89542 | Abyss:1  | Reached skill level 5 in Necromancy
 89575 | Abyss:1  | Found a hazy altar of Hepliaklqana.
 89590 | Abyss:1  | Found a blossoming altar of Fedhas.
 90256 | Abyss:1  | Found a corrupted altar of Lugonu.
 90316 | Abyss:1  | Identified Utogach's Last Grimoire of the Archmage
 91189 | Abyss:1  | Found a corrupted altar of Lugonu.
 91605 | Abyss:2  | Found a corrupted altar of Lugonu.
 91917 | Abyss:3  | Found a sparkling altar of Nemelex Xobeh.
 91965 | Abyss:3  | Found a roughly hewn altar of Beogh.
 92069 | Abyss:3  | Reached skill level 10 in Spellcasting
 92125 | Abyss:3  | Found a roughly hewn altar of Beogh.
 93227 | Abyss:3  | Found a corrupted altar of Lugonu.
 94109 | Abyss:3  | Found an opulent altar of Gozag.
 94353 | Abyss:3  | Reached skill level 1 in Hexes
 94359 | Abyss:3  | Reached skill level 1 in Translocations
 94407 | Abyss:3  | Noticed an ancient lich
 94414 | Abyss:3  | Killed an ancient lich
 94428 | Abyss:3  | Got an abyssal rune of Zot
 94916 | Abyss:3  | Found a corrupted altar of Lugonu.
 95068 | Depths:3 | Escaped the Abyss
 95632 | Depths:4 | Bought a scroll of enchant weapon for 105 gold pieces
 95926 | Elf:2    | Bought a +0 triple crossbow for 170 gold pieces
 96697 | Depths:3 | Voluntarily entered the Abyss.
 96767 | Abyss:1  | Reached skill level 5 in Hexes
 96979 | Abyss:1  | Reached skill level 5 in Translocations
 98686 | Abyss:1  | Found a sacrificial altar of Ru.
 99089 | Abyss:1  | Reached skill level 10 in Hexes
 99236 | Abyss:1  | Noticed an ancient lich
 99243 | Abyss:1  | Killed an ancient lich
100272 | Abyss:1  | Identified the Compendium of Earth
100632 | Abyss:1  | Gained mutation: You are dopey. (Int -2) [a neqoxec]
101153 | Abyss:2  | Found a corrupted altar of Lugonu.
101168 | Abyss:2  | Found a corrupted altar of Lugonu.
101177 | Depths:3 | Escaped the Abyss
101179 | Depths:3 | Voluntarily entered the Abyss.
101708 | Abyss:1  | Noticed an ancient lich
101712 | Abyss:1  | Killed an ancient lich
102376 | Abyss:1  | Noticed an ancient lich
102383 | Abyss:1  | Killed an ancient lich
102429 | Abyss:1  | Noticed an ancient lich
102442 | Abyss:1  | Killed an ancient lich
102486 | Abyss:1  | Found a corrupted altar of Lugonu.
102589 | Abyss:1  | Found a corrupted altar of Lugonu.
102926 | Depths:3 | Escaped the Abyss
102983 | Hell     | Entered the Vestibule of Hell
102983 | Hell     | Noticed Geryon
103122 | Hell     | Killed Geryon
103308 | Hell     | Found a gateway to the Iron City of Dis.
103390 | Hell     | Reached skill level 10 in Fighting
103494 | Hell     | Found a gateway to the decaying netherworld of Tartarus.
103579 | Hell     | Found a gateway to the freezing wastes of Cocytus.
103651 | Hell     | Found a gateway to the ashen valley of Gehenna.
103696 | Geh:1    | Entered Level 1 of Gehenna
103925 | Geh:2    | Found a huge runed gate.
103925 | Geh:2    | Found a huge runed gate.
104140 | Geh:3    | Gained mutation: You are weak. (Str -2) [mutagenic glow]
104668 | Geh:5    | Reached skill level 10 in Translocations
105477 | Geh:7    | Entered Level 7 of Gehenna
106069 | Geh:7    | Noticed Asmodeus
106081 | Geh:7    | Killed Asmodeus
106093 | Geh:7    | Got an obsidian rune of Zot
106482 | Geh:7    | Reached skill level 15 in Fighting
106887 | Coc:1    | Entered Level 1 of Cocytus
107013 | Coc:2    | Noticed a shard shrike
107022 | Coc:2    | Killed a shard shrike
107453 | Coc:7    | Entered Level 7 of Cocytus
107610 | Coc:7    | Noticed a shard shrike
107630 | Coc:7    | Killed a shard shrike
107651 | Coc:7    | Noticed a shard shrike
107668 | Coc:7    | Killed a shard shrike
107704 | Coc:7    | Noticed a shard shrike
107741 | Coc:7    | Killed a shard shrike
108189 | Coc:7    | Noticed a shard shrike
108191 | Coc:7    | Noticed a shard shrike
108205 | Coc:7    | Killed a shard shrike
108208 | Coc:7    | Killed a shard shrike
108315 | Coc:7    | Noticed a shard shrike
108315 | Coc:7    | Noticed a shard shrike
108315 | Coc:7    | Noticed a shard shrike
108315 | Coc:7    | Noticed a shard shrike
108326 | Coc:7    | Killed a shard shrike
108328 | Coc:7    | Killed a shard shrike
108329 | Coc:7    | Killed a shard shrike
108329 | Coc:7    | Reached skill level 15 in Spellcasting
108331 | Coc:7    | Killed a shard shrike
108967 | Coc:7    | Noticed Antaeus
108987 | Coc:7    | Killed Antaeus
108989 | Coc:7    | Got a heavily runed bronze ring
109040 | Coc:7    | Got an icy rune of Zot
109110 | Coc:7    | Identified the ring "Teifehoc" {*Drain *Slow rElec rN+ Slay+4} (You took it off Antaeus on level 7 of Cocytus)
109500 | Dis:1    | Entered Level 1 of the Iron City of Dis
109765 | Depths:3 | Voluntarily entered the Abyss.
109823 | Abyss:1  | Noticed an ancient lich
109831 | Abyss:1  | Killed an ancient lich
109874 | Abyss:1  | Noticed an ancient lich
109883 | Abyss:1  | Killed an ancient lich
110400 | Depths:3 | Escaped the Abyss
110402 | Depths:3 | Got a translucent iron ring
110403 | Depths:3 | Identified the ring "Tobeipank" {MP+9 Str+2 Dex+3} (You acquired it on level 3 of the Depths)
110406 | Depths:3 | Voluntarily entered the Abyss.
110406 | Abyss:1  | Found a sparkling altar of Nemelex Xobeh.
110406 | Abyss:1  | Found a burning altar of Makhleb.
110406 | Abyss:1  | Found a basalt altar of Yredelemnul.
110406 | Abyss:1  | Found a deep blue altar of Sif Muna.
110406 | Abyss:1  | Found a snail-covered altar of Cheibriados.
110406 | Abyss:1  | Found a hide-covered altar of Uskayaw.
110406 | Abyss:1  | Found an iron altar of Okawaru.
110406 | Abyss:1  | Found a bloodstained altar of Trog.
110406 | Abyss:1  | Found a shattered altar of Ashenzari.
110406 | Abyss:1  | Found a blossoming altar of Fedhas.
110406 | Abyss:1  | Found a sparkling altar of Nemelex Xobeh.
110408 | Abyss:1  | Found an opulent altar of Gozag.
110408 | Abyss:1  | Found a hazy altar of Hepliaklqana.
110408 | Abyss:1  | Found a glowing golden altar of the Shining One.
110410 | Abyss:1  | Found an ornate altar of the Wu Jian Council.
110410 | Abyss:1  | Found a glowing silver altar of Zin.
110410 | Abyss:1  | Found a white marble altar of Elyvilon.
110410 | Abyss:1  | Found a radiant altar of Vehumet.
110412 | Abyss:1  | Found a shimmering altar of Xom.
110412 | Abyss:1  | Found a shadowy altar of Dithmenos.
110412 | Abyss:1  | Found a stormy altar of Qazlal.
110765 | Abyss:1  | Found an opulent altar of Gozag.
111683 | Abyss:1  | Gained mutation: Your body sometimes deteriorates upon taking damage. [a cacodemon]
111854 | Abyss:1  | Got a crystal executioner's axe
111855 | Abyss:1  | Identified the +9 executioner's axe of the Shoals {elec, +Inv rElec Int+3} (You found it on level 1 of the Abyss)
112048 | Abyss:1  | Found a bloodstained altar of Trog.
112145 | Abyss:1  | Gained mutation: You are very weak. (Str -4) [a neqoxec]
112348 | Abyss:1  | Noticed an ancient lich
112350 | Abyss:1  | Killed an ancient lich
113066 | Abyss:1  | Found a shattered altar of Ashenzari.
114469 | Abyss:1  | Got a shimmering granite ring
114471 | Abyss:1  | Identified the ring of Joy {rN++ Stlth+} (You found it on level 1 of the Abyss)
114648 | Depths:3 | Escaped the Abyss
114760 | Depths:3 | Voluntarily entered the Abyss.
114905 | Abyss:1  | Gained mutation: You are very dopey. (Int -4) [a neqoxec]
115730 | Abyss:1  | Gained mutation: You expend magic power (3 MP) to strengthen your wands. [a neqoxec]
115787 | Abyss:1  | Lost mutation: You are very weak. (Str -4) [potion of mutation]
115787 | Abyss:1  | Lost mutation: Your body sometimes deteriorates upon taking damage. [potion of mutation]
115787 | Abyss:1  | Lost mutation: You are somewhat resistant to further mutation. [potion of mutation]
115787 | Abyss:1  | Gained mutation: Your movements are slightly less encumbered by armour. (ER -2) [potion of mutation]
115787 | Abyss:1  | Gained mutation: Your magical capacity is low. (-10% MP) [potion of mutation]
115787 | Abyss:1  | Gained mutation: Your spells are a little harder to cast, but a little more powerful. [potion of mutation]
115788 | Abyss:1  | Lost mutation: Your magical capacity is low. (-10% MP) [potion of mutation]
115788 | Abyss:1  | Lost mutation: Your spells are a little harder to cast, but a little more powerful. [potion of mutation]
115788 | Abyss:1  | Lost mutation: You are weak. (Str -2) [potion of mutation]
115788 | Abyss:1  | Gained mutation: You are frail. (-10% HP) [potion of mutation]
115788 | Abyss:1  | Gained mutation: You are resistant to electric shocks. (rElec) [potion of mutation]
115788 | Abyss:1  | Gained mutation: You are resistant to hostile enchantments. (MR+) [potion of mutation]
115788 | Abyss:1  | Gained mutation: You are agile. (Dex +2) [potion of mutation]
116427 | Abyss:1  | Found a corrupted altar of Lugonu.
116709 | Abyss:1  | Noticed an ancient lich
116718 | Abyss:1  | Killed an ancient lich
116912 | Abyss:1  | Gained mutation: You are very frail. (-20% HP) [a neqoxec]
116984 | Abyss:1  | Lost mutation: You are resistant to hostile enchantments. (MR+) [a neqoxec]
117234 | Abyss:1  | Found a corrupted altar of Lugonu.
117790 | Abyss:1  | Found an opulent altar of Gozag.
117848 | Abyss:1  | Gained mutation: You occasionally shout uncontrollably at your foes. [a neqoxec]
117852 | Abyss:1  | Gained mutation: Armour fits poorly on your strangely shaped body. [a neqoxec]
117855 | Abyss:1  | Lost mutation: You are agile. (Dex +2) [a neqoxec]
117899 | Depths:3 | Escaped the Abyss
118416 | Depths:3 | Voluntarily entered the Abyss.
118594 | Abyss:1  | Reached skill level 1 in Maces & Flails
119000 | Abyss:1  | Noticed an ancient lich
119006 | Abyss:1  | Killed an ancient lich
119041 | Abyss:1  | Reached skill level 5 in Maces & Flails
119229 | Abyss:1  | Found a corrupted altar of Lugonu.
120773 | Abyss:1  | Gained mutation: Scrolls take you a little longer to read. [a neqoxec]
120775 | Abyss:1  | Gained mutation: Your magical capacity is low. (-10% MP) [a neqoxec]
121352 | Abyss:1  | Gained mutation: You are extremely frail. (-30% HP) [a neqoxec]
121359 | Abyss:1  | Lost mutation: Scrolls take you a little longer to read. [potion of mutation]
121359 | Abyss:1  | Lost mutation: Your magical capacity is low. (-10% MP) [potion of mutation]
121359 | Abyss:1  | Lost mutation: You occasionally shout uncontrollably at your foes. [potion of mutation]
121359 | Abyss:1  | Lost mutation: You are very dopey. (Int -4) [potion of mutation]
121359 | Abyss:1  | Lost mutation: Armour fits poorly on your strangely shaped body. [potion of mutation]
121359 | Abyss:1  | Gained mutation: You are resistant to hostile enchantments. (MR+) [potion of mutation]
121411 | Depths:3 | Escaped the Abyss
121413 | Depths:3 | Voluntarily entered the Abyss.
121773 | Depths:3 | Escaped the Abyss
121781 | Depths:3 | Learned a level 5 spell: Aura of Abjuration
121783 | Depths:3 | Voluntarily entered the Abyss.
121784 | Abyss:1  | Found a corrupted altar of Lugonu.
122051 | Abyss:1  | Reached skill level 1 in Summonings
122384 | Abyss:1  | Gained mutation: Your body sometimes deteriorates upon taking damage. [a neqoxec]
122483 | Abyss:1  | Found a corrupted altar of Lugonu.
122767 | Abyss:1  | Found a shimmering altar of Xom.
122916 | Abyss:1  | Noticed an ancient lich
122921 | Abyss:1  | Killed an ancient lich
123103 | Depths:3 | Escaped the Abyss
123105 | Depths:3 | Voluntarily entered the Abyss.
123603 | Depths:3 | Escaped the Abyss
123605 | Depths:3 | Voluntarily entered the Abyss.
123820 | Abyss:1  | Gained mutation: Your spells are a little easier to cast, but a little less powerful. [a cacodemon]
123830 | Abyss:1  | Found a corrupted altar of Lugonu.
123969 | Abyss:1  | Reached skill level 5 in Summonings
124087 | Abyss:1  | Got a steaming falchion
124344 | Abyss:1  | Gained mutation: Armour fits poorly on your strangely shaped body. [a neqoxec]
124501 | Abyss:1  | Found a corrupted altar of Lugonu.
124687 | Abyss:2  | Gained mutation: Scrolls take you a little longer to read. [a neqoxec]
124793 | Abyss:3  | Found a transporter.
124964 | Abyss:4  | Reached skill level 27 in Armour
125129 | Abyss:5  | Entered Level 5 of the Abyss
125222 | Abyss:5  | Reached skill level 27 in Fighting
125240 | Abyss:5  | Gained mutation: Potions are less effective at restoring your health. [a neqoxec]
125481 | Depths:3 | Escaped the Abyss
125483 | Depths:3 | Voluntarily entered the Abyss.
125486 | Abyss:1  | Found a corrupted altar of Lugonu.
125488 | Abyss:1  | Noticed an ancient lich
125521 | Abyss:1  | HP: 6/172 [ancient lich/crystal spear (59)]
125523 | Abyss:1  | Killed from afar by an ancient lich

Skill      XL: |  1  2  3  4  5  6  7  8  9 10 11 12 13 14 15 16 17 18 19 20 21 22 23 24 25 26 27 |
---------------+----------------------------------------------------------------------------------+-----
Axes           | 3 4 5 6 7 8 10 12 13 14 15 16 17 18 19 20 21 22 23 26 | 26.6
Dodging        | 1 2 5 7 9 11 12 13 14 19 | 19.1
Shields        | 5 7 8 11 12 13 14 16 17 18 19 20 21 22 23 24 27 | 27.0
Fighting       | 4 6 27 | 27.0
Invocations    | 4 6 9 18 | 18.5
Armour         | 4 5 8 10 11 12 14 15 16 17 18 19 20 21 22 27 | 27.0
Crossbows      | 2 6 7 9 10 11 12 26 | 26.0
Spellcasting   | 21 | 21.6
Charms         | 8 |  8.0
Necromancy     | 7 |  7.4
Hexes          | 10 | 10.0
Translocations | 10 | 10.0
Maces & Flails | 9 |  9.0
Summonings     | 7 |  7.8

Action                   |  1- 3 |  4- 6 |  7- 9 | 10-12 | 13-15 | 16-18 | 19-21 | 22-24 | 25-27 || total
-------------------------+-------+-------+-------+-------+-------+-------+-------+-------+-------++-------
Melee: War axe           |    85 |   185 |   294 |       |  1091 |   202 |       |       |       ||  1857
       Spear             |       |       |    55 |   657 |   685 |   475 |       |       |       ||  1872
       Battleaxe         |       |       |       |    94 |    40 |   273 |       |       |       ||   407
       Executioner's axe |       |       |       |       |       |   660 |  1319 |  1224 | 13631 || 16834
 Fire: Arbalest          |       |       |       |       |    68 |   496 |       |       |    31 ||   595
       Triple crossbow   |       |       |       |       |       |       |       |       |   285 ||   285
Throw: Tomahawk          |       |    46 |    71 |       |       |       |       |       |       ||   117
 Cast: Song of Slaying   |       |       |       |       |       |       |       |       |    14 ||    14
       Portal Projectile |       |       |       |       |       |       |       |       |     8 ||     8
Invok: Heroism           |       |       |     7 |     9 |    12 |    23 |    11 |    13 |    19 ||    94
       Finesse           |       |       |       |     1 |     1 |     2 |     7 |     2 |     2 ||    15
       Divine Shield     |       |       |       |       |       |       |       |       |    12 ||    12
       Summon Divine War |       |       |       |       |       |       |       |       |    11 ||    11
       Cleansing Flame   |       |       |       |       |       |       |       |       |     3 ||     3
       Brand Weapon With |       |       |       |       |       |       |       |       |     1 ||     1
 Abil: Dig               |     2 |       |       |     6 |    14 |    16 |     2 |       |    69 ||   109
Evoke: Wand              |       |       |       |       |       |       |       |       |     6 ||     6
  Use: Scroll            |     4 |     8 |     3 |     7 |     7 |    29 |     5 |     2 |    33 ||    98
       Potion            |     1 |     1 |     4 |       |     4 |    12 |       |     1 |    38 ||    61
 Stab: Distracted        |       |       |       |       |       |     1 |       |       |     1 ||     2
       Petrified         |       |       |       |       |       |       |       |       |     7 ||     7
       Petrifying        |       |       |       |       |       |       |       |       |     3 ||     3
  Eat: Chunk             |     1 |     6 |    12 |    24 |    28 |    29 |    38 |    20 |   254 ||   412
       Ration            |       |     1 |       |       |     4 |     8 |       |       |     3 ||    16
Armor: Scale mail        |    28 |       |       |   111 |    29 |       |       |       |       ||   168
       Chain mail        |     7 |    83 |    88 |    31 |       |       |       |       |       ||   209
       Plate armour      |       |       |       |       |   656 |  1043 |   400 |   315 |   512 ||  2926
       Crystal plate arm |       |       |       |       |       |       |       |       |  3079 ||  3079
Dodge: Dodged            |    15 |    39 |    41 |    93 |   271 |   314 |   225 |   270 |  3082 ||  4350
       Deflected         |       |       |       |       |       |       |    21 |    22 |    50 ||    93
Block: Shield            |    29 |   104 |    37 |       |       |       |       |       |  6492 ||  6662
       Large shield      |       |       |   145 |   381 |  1261 |  1958 |  1639 |  1553 |  4424 || 11361
